TOP OF THE 1ST |
Houston Marshals batting - Pitching for Fresno Deplorables : LHP Kip Manning
|
Pitching: LHP Kip Manning
|
|
Batting: SHB Ramón Lugo
|
0-0: Ball 1-0: Ball 2-0: Ball 3-0: Called Strike 3-1: Ground out 5-3 (Groundball, 5)
|
Batting: LHB Lewis Barr
|
0-0: Ball 1-0: Ball 2-0: Ground out 4-3 (Groundball, 4MD)
|
Batting: RHB Chris Parker
|
0-0: Called Strike 0-1: Ball 1-1: Ball 2-1: Foul Ball, location: 2F 2-2: Foul Ball, location: 2F 2-2: DOUBLE (Flyball, 78D)
|
Batting: LHB José Rodríguez
|
0-0: Ground out 4-3 (Groundball, 4)
|
Top of the 1st over - 0 run(s), 1 hit(s), 0 error(s), 1 left on base; Houston 0 - Fresno 0 |
BOTTOM OF THE 1ST |
Fresno Deplorables batting - Pitching for Houston Marshals : LHP Stan Aldridge
|
Pitching: LHP Stan Aldridge
|
|
Batting: RHB Jesús Gutiérrez
|
0-0: Ball 1-0: Ball 2-0: Called Strike 2-1: Foul Ball, location: 2F 2-2: SINGLE (Groundball, 56D)
|
Batting: RHB Manolo Román
|
0-0: Called Strike 0-1: Ball 1-1: SINGLE (Line Drive, 7LS) Jesús Gutiérrez to second
|
Batting: LHB Jeff Daniels
|
0-0: Grounds into double play, 1-6-3 (Groundball, P) Jesús Gutiérrez to third
|
Batting: LHB Troy Donaldson
|
0-0: Called Strike 0-1: Ball 1-1: Ball 2-1: Ball 3-1: Foul Ball, location: 2F 3-2: SINGLE (Groundball, 4MD) Jesús Gutiérrez scores
|
Batting: RHB Paco Arellano
|
0-0: Called Strike 0-1: Ball 1-1: Foul Ball, location: 2F 1-2: Ball 2-2: DOUBLE (Line Drive, 9LS) Troy Donaldson to third
|
Batting: LHB Paul Mullins
|
0-0: Ball 1-0: Ball 2-0: Ball 3-0: Called Strike 3-1: SINGLE (Groundball, 34D) Troy Donaldson scores Paco Arellano to third
|
Batting: RHB Aaron Scott
|
0-0: Ball 1-0: Ball 2-0: Foul Ball, location: 2F 2-1: Ball 3-1: Base on Balls Paul Mullins to second
|
Batting: LHB Keith Beard
|
0-0: Called Strike 0-1: DOUBLE (Groundball, 3L) Paco Arellano scores Paul Mullins scores Aaron Scott to third Runner from 3rd tries for Home, throw and OUT!
|
Bottom of the 1st over - 4 run(s), 6 hit(s), 0 error(s), 1 left on base; Houston 0 - Fresno 4 |
TOP OF THE 2ND |
Houston Marshals batting - Pitching for Fresno Deplorables : LHP Kip Manning
|
Batting: SHB Greg Welch
|
0-0: SINGLE (Groundball, 4MD)
|
Batting: RHB David Murray
|
0-0: Ball 1-0: Fielders Choice at 2nd, 1-6 (Groundball, P)
|
Batting: LHB Matt Smith
|
0-0: Called Strike 0-1: Fly out, F7 (Flyball, 7LM)
|
Batting: RHB Gregg Nelson
|
0-0: Ball 1-0: Foul Ball, location: 2F 1-1: Foul Ball, location: 2F 1-2: Ball 2-2: Fielders Choice at 2nd, 6-4 (Groundball, 6)
|
Top of the 2nd over - 0 run(s), 1 hit(s), 0 error(s), 0 left on base; Houston 0 - Fresno 4 |
BOTTOM OF THE 2ND |
Fresno Deplorables batting - Pitching for Houston Marshals : LHP Stan Aldridge
|
Batting: RHB Teddy Bates
|
0-0: Ball 1-0: TRIPLE (Flyball, 9LM)
|
Batting: RHB Jesús Gutiérrez
|
0-0: Called Strike 0-1: Ball 1-1: Foul Ball, location: 2F 1-2: Fly out, F6 (Line Drive, 4M) Lined into DP, 6-5 (Line Drive, 4M)
|
Batting: RHB Manolo Román
|
0-0: Ball 1-0: Ball 2-0: Called Strike 2-1: Ground out 1-3 (Groundball, 13)
|
Bottom of the 2nd over - 0 run(s), 1 hit(s), 0 error(s), 0 left on base; Houston 0 - Fresno 4 |
TOP OF THE 3RD |
Houston Marshals batting - Pitching for Fresno Deplorables : LHP Kip Manning
|
Batting: RHB Sadao Kimura
|
0-0: Called Strike 0-1: Ball 1-1: Swinging Strike 1-2: Ball 2-2: Strikes out looking
|
Batting: SHB Ramón Lugo
|
0-0: Called Strike 0-1: Called Strike 0-2: Ball 1-2: Ball 2-2: Strikes out swinging
|
Batting: LHB Lewis Barr
|
0-0: Ball 1-0: Called Strike 1-1: Fly out, F8 (Flyball, 78XD)
|
Top of the 3rd over - 0 run(s), 0 hit(s), 0 error(s), 0 left on base; Houston 0 - Fresno 4 |
BOTTOM OF THE 3RD |
Fresno Deplorables batting - Pitching for Houston Marshals : LHP Stan Aldridge
|
Batting: LHB Jeff Daniels
|
0-0: Called Strike 0-1: Ball 1-1: Called Strike 1-2: DOUBLE (Flyball, 78D)
|
Batting: LHB Troy Donaldson
|
0-0: Called Strike 0-1: Fly out, F5 (Line Drive, 56S)
|
Batting: RHB Paco Arellano
|
0-0: Ball 1-0: Called Strike 1-1: SINGLE (Groundball, 34D) Jeff Daniels to third Runner from 3rd tries for Home, SAFE, throw made home
|
Batting: LHB Paul Mullins
|
0-0: Ball 1-0: Ball 2-0: Called Strike 2-1: SINGLE (Groundball, 56D) Paco Arellano to second
|
Batting: RHB Aaron Scott
|
0-0: Foul Ball, location: 2F 0-1: Ball 1-1: Ball 2-1: Foul Ball, location: 2F 2-2: Foul Ball, location: 2F 2-2: Foul Ball, location: 2F 2-2: Ball 3-2: Base on Balls Paco Arellano to third Paul Mullins to second
|
Batting: LHB Keith Beard
|
0-0: Ball 1-0: Ball 2-0: Foul Ball, location: 2F 2-1: Foul Ball, location: 2F 2-2: Strikes out swinging
|
Batting: RHB Teddy Bates
|
0-0: Ball 1-0: Foul Ball, location: 2F 1-1: Ball 2-1: Ball 3-1: Swinging Strike 3-2: Strikes out swinging
|
Bottom of the 3rd over - 1 run(s), 3 hit(s), 0 error(s), 3 left on base; Houston 0 - Fresno 5 |
TOP OF THE 4TH |
Houston Marshals batting - Pitching for Fresno Deplorables : LHP Kip Manning
|
Batting: RHB Chris Parker
|
0-0: Foul Ball, location: 2F 0-1: Swinging Strike 0-2: Ball 1-2: Ball 2-2: Foul Ball, location: 2F 2-2: Ball 3-2: Strikes out swinging
|
Batting: LHB José Rodríguez
|
0-0: Swinging Strike 0-1: Ball 1-1: Ball 2-1: Ball 3-1: Called Strike 3-2: Fly out, F7 (Flyball, 7LM)
|
Batting: SHB Greg Welch
|
0-0: Ball 1-0: Fly out, F7 (Flyball, 7D)
|
Top of the 4th over - 0 run(s), 0 hit(s), 0 error(s), 0 left on base; Houston 0 - Fresno 5 |
BOTTOM OF THE 4TH |
Fresno Deplorables batting - Pitching for Houston Marshals : LHP Stan Aldridge
|
Batting: RHB Jesús Gutiérrez
|
0-0: SINGLE (Groundball, 56D)
|
Batting: RHB Manolo Román
|
0-0: Called Strike 0-1: Ball 1-1: Foul Ball, location: 2F 1-2: Foul Ball, location: 2F 1-2: Fly out, F9 (Flyball, 9LS)
|
Batting: LHB Jeff Daniels
|
0-0: Ball 1-0: DOUBLE (Flyball, 7LM) Jesús Gutiérrez to third
|
Batting: LHB Troy Donaldson
|
0-0: Ball 1-0: Swinging Strike 1-1: Foul Ball, location: 2F 1-2: Ground out 3-1 (Groundball, 34S) Jesús Gutiérrez scores Jeff Daniels to third
|
Pitching: RHP Ron Scott
|
|
Batting: RHB Paco Arellano
|
0-0: Ball 1-0: Called Strike 1-1: Foul Ball, location: 2F 1-2: Ball 2-2: SINGLE (Line Drive, 9S) Jeff Daniels scores
|
Batting: LHB Paul Mullins
|
0-0: Ball 1-0: Ball 2-0: SINGLE (Groundball, 4MD) Paco Arellano to second
|
Batting: RHB Aaron Scott
|
0-0: Ball 1-0: Ball 2-0: Reached on error, E6 (Groundball, 6) Paco Arellano to third Paul Mullins to second
|
Batting: LHB Keith Beard
|
0-0: SINGLE (Flyball, 9S) Paco Arellano scores Paul Mullins to third Aaron Scott to second Runner from 3rd tries for Home, SAFE, throw made home
|
Batting: RHB Teddy Bates
|
0-0: Foul Ball, location: 2F 0-1: Ball 1-1: Fly out, F5 (Line Drive, 5D)
|
Bottom of the 4th over - 4 run(s), 5 hit(s), 1 error(s), 2 left on base; Houston 0 - Fresno 9 |
TOP OF THE 5TH |
Houston Marshals batting - Pitching for Fresno Deplorables : LHP Kip Manning
|
Batting: RHB David Murray
|
0-0: Foul Ball, location: 2F 0-1: Foul Ball, location: 2F 0-2: Ball 1-2: Ball 2-2: Ball 3-2: Fly out, F8 (Line Drive, 8LM)
|
Batting: LHB Matt Smith
|
0-0: SINGLE (Line Drive, 89M)
|
Batting: RHB Gregg Nelson
|
0-0: Grounds into double play, 6-4-3 (Groundball, 6)
|
Top of the 5th over - 0 run(s), 1 hit(s), 0 error(s), 0 left on base; Houston 0 - Fresno 9 |
BOTTOM OF THE 5TH |
Fresno Deplorables batting - Pitching for Houston Marshals : RHP Ron Scott
|
Batting: RHB Jesús Gutiérrez
|
0-0: Ground out 6-3 (Groundball, 56)
|
Batting: RHB Manolo Román
|
0-0: Called Strike 0-1: Fly out, F7 (Flyball, 7S)
|
Batting: LHB Jeff Daniels
|
0-0: Ball 1-0: Ball 2-0: SINGLE (Line Drive, 7S)
|
Batting: LHB Troy Donaldson
|
0-0: Ball 1-0: Ball 2-0: Ball 3-0: Called Strike 3-1: Base on Balls Jeff Daniels to second
|
Batting: RHB Paco Arellano
|
0-0: Foul Ball, location: 2F 0-1: Foul Ball, location: 2F 0-2: Ball 1-2: Ball 2-2: Ball 3-2: Ground out 3-1 (Groundball, 34S)
|
Bottom of the 5th over - 0 run(s), 1 hit(s), 0 error(s), 2 left on base; Houston 0 - Fresno 9 |
TOP OF THE 6TH |
Houston Marshals batting - Pitching for Fresno Deplorables : LHP Kip Manning
|
Batting: RHB Sadao Kimura
|
0-0: Foul Ball, location: 2F 0-1: Swinging Strike 0-2: Strikes out looking
|
Batting: SHB Ramón Lugo
|
0-0: Ball 1-0: DOUBLE (Line Drive, 7LM)
|
Batting: LHB Lewis Barr
|
0-0: Ball 1-0: Foul Ball, location: 2F 1-1: Called Strike 1-2: Strikes out swinging
|
Batting: RHB Chris Parker
|
0-0: SINGLE (Line Drive, 8LS) Ramón Lugo to third Runner from 3rd tries for Home, SAFE, throw made home
|
Batting: LHB José Rodríguez
|
0-0: Called Strike 0-1: Hit by Pitch Chris Parker to second
|
Batting: SHB Greg Welch
|
0-0: Ball 1-0: Ball 2-0: Ball 3-0: Called Strike 3-1: Fielders Choice at 2nd, 6-4 (Groundball, 6)
|
Top of the 6th over - 1 run(s), 2 hit(s), 0 error(s), 1 left on base; Houston 1 - Fresno 9 |
BOTTOM OF THE 6TH |
Fresno Deplorables batting - Pitching for Houston Marshals : RHP Ron Scott
|
Batting: LHB Paul Mullins
|
0-0: Ball 1-0: Ball 2-0: Called Strike 2-1: Called Strike 2-2: Foul Ball, location: 2F 2-2: Foul Ball, location: 2F 2-2: Strikes out looking
|
Batting: RHB Aaron Scott
|
0-0: Called Strike 0-1: Called Strike 0-2: Ball 1-2: Ball 2-2: Fly out, F4 (Line Drive, 4)
|
Batting: LHB Keith Beard
|
0-0: Ball 1-0: Ball 2-0: Ball 3-0: Base on Balls
|
Batting: RHB Teddy Bates
|
0-0: Called Strike 0-1: Foul Ball, location: 2F 0-2: Ball 1-2: Strikes out swinging
|
Bottom of the 6th over - 0 run(s), 0 hit(s), 0 error(s), 1 left on base; Houston 1 - Fresno 9 |
TOP OF THE 7TH |
Houston Marshals batting - Pitching for Fresno Deplorables : LHP Kip Manning
|
Batting: RHB David Murray
|
0-0: SINGLE (Line Drive, 8RS)
|
Batting: LHB Matt Smith
|
0-0: Foul Ball, location: 2F 0-1: Foul Ball, location: 2F 0-2: Ball 1-2: Strikes out looking
|
Batting: RHB Gregg Nelson
|
0-0: Called Strike 0-1: Ball 1-1: Grounds into double play, 5-4-3 (Groundball, 5)
|
Top of the 7th over - 0 run(s), 1 hit(s), 0 error(s), 0 left on base; Houston 1 - Fresno 9 |
BOTTOM OF THE 7TH |
Fresno Deplorables batting - Pitching for Houston Marshals : RHP Ron Scott
|
Pitching: RHP Vinícius Itaquy
|
|
Batting: RHB Jesús Gutiérrez
|
0-0: Ball 1-0: Ball 2-0: Ground out 4-3 (Groundball, 4)
|
Batting: RHB Manolo Román
|
0-0: Foul Ball, location: 2F 0-1: Foul Ball, location: 2F 0-2: Ball 1-2: SINGLE (Groundball, 56D)
|
Batting: LHB Jeff Daniels
|
0-0: Swinging Strike 0-1: Swinging Strike 0-2: Ball 1-2: DOUBLE (Line Drive, 7LM) Manolo Román to third
|
Pinch Runner at 2nd Peter Hensley:
|
|
Batting: LHB Troy Donaldson
|
0-0: Called Strike 0-1: Foul Ball, location: 2F 0-2: Foul Ball, location: 2F 0-2: Ball 1-2: Foul Ball, location: 2F 1-2: Ball 2-2: Ball 3-2: Foul Ball, location: 2F 3-2: Strikes out looking
|
Batting: RHB Paco Arellano
|
0-0: SINGLE (Line Drive, 7S) Manolo Román scores Peter Hensley to third Runner from 3rd tries for Home, SAFE, no throw
|
Pitching: RHP David Lester
|
|
Batting: LHB Paul Mullins
|
0-0: Called Strike Paco Arellano steals 2nd base 0-1: Called Strike 0-2: Strikes out swinging
|
Bottom of the 7th over - 2 run(s), 3 hit(s), 0 error(s), 1 left on base; Houston 1 - Fresno 11 |
TOP OF THE 8TH |
Houston Marshals batting - Pitching for Fresno Deplorables : LHP Kip Manning
|
Pitching: LHP Rubén Martínez
|
|
Batting: RHB Sadao Kimura
|
0-0: Ball 1-0: Swinging Strike 1-1: Ball 2-1: Swinging Strike 2-2: Strikes out swinging
|
Batting: SHB Ramón Lugo
|
0-0: Called Strike 0-1: Ball 1-1: Swinging Strike 1-2: Foul Ball, location: 2F 1-2: Fly out, F9 (Line Drive, 89S)
|
Batting: LHB Lewis Barr
|
0-0: Called Strike 0-1: Ball 1-1: Swinging Strike 1-2: Ball 2-2: Foul Ball, location: 2F 2-2: SINGLE (Line Drive, 78S)
|
Batting: RHB Chris Parker
|
0-0: Ball 1-0: Foul Ball, location: 2F 1-1: Ball 2-1: Foul Ball, location: 2F 2-2: Foul Ball, location: 2F 2-2: Ball 3-2: Ground out 6-3 (Groundball, 6)
|
Top of the 8th over - 0 run(s), 1 hit(s), 0 error(s), 1 left on base; Houston 1 - Fresno 11 |
BOTTOM OF THE 8TH |
Fresno Deplorables batting - Pitching for Houston Marshals : RHP David Lester
|
Batting: RHB Aaron Scott
|
0-0: DOUBLE (Flyball, 9D)
|
Batting: LHB Keith Beard
|
0-0: Ball 1-0: Ball 2-0: Ball 3-0: Called Strike 3-1: Base on Balls
|
Batting: RHB Teddy Bates
|
0-0: Called Strike 0-1: Hit by Pitch Aaron Scott to third Keith Beard to second
|
Batting: RHB Jesús Gutiérrez
|
0-0: Swinging Strike 0-1: Ball 1-1: Fly out, F9 (Flyball, 9)
|
Batting: RHB Manolo Román
|
0-0: Grounds into fielders choice 1-2 (Groundball, 15S) Keith Beard to third Teddy Bates to second
|
Pitching: RHP Dave Rhodes
|
|
Batting: RHB Peter Hensley
|
0-0: Called Strike 0-1: Fielders Choice at 2nd, 4-6 (Groundball, 4)
|
Bottom of the 8th over - 0 run(s), 1 hit(s), 0 error(s), 2 left on base; Houston 1 - Fresno 11 |
TOP OF THE 9TH |
Houston Marshals batting - Pitching for Fresno Deplorables : LHP Rubén Martínez
|
Batting: LHB José Rodríguez
|
0-0: Called Strike 0-1: Ball 1-1: Fly out, F9 (Flyball, 9)
|
Batting: SHB Greg Welch
|
0-0: Ball 1-0: Called Strike 1-1: Ball 2-1: Ball 3-1: Called Strike 3-2: Base on Balls
|
Batting: RHB David Murray
|
0-0: Called Strike 0-1: DOUBLE (Line Drive, 78D) Greg Welch to third
|
Batting: LHB Matt Smith
|
0-0: Called Strike 0-1: Ball 1-1: Ball 2-1: Foul Ball, location: 2F 2-2: Reached on error, E5 (Groundball, 56) Greg Welch scores David Murray to third
|
Batting: RHB Gregg Nelson
|
0-0: Swinging Strike 0-1: Called Strike 0-2: Ball 1-2: Strikes out looking
|
Batting: RHB Sadao Kimura
|
0-0: Ball 1-0: Called Strike 1-1: Ball 2-1: Ball 3-1: Foul Ball, location: 2F 3-2: Ground out 5-3 (Groundball, 5)
|
Top of the 9th over - 1 run(s), 1 hit(s), 1 error(s), 2 left on base; Houston 2 - Fresno 11 |
|